 Dungeon Crawl Stone Soup version 0.19.1 (webtiles) character file.

10964 siimphh the Carver (level 12, -1/94 HPs)
             Began as a Human Berserker on Dec 18, 2016.
             Was an Elder of Trog.
             Blown up by an orb spider (21 damage)
             ... with an orb of destruction
             ... on level 1 of the Spider Nest.
             The game lasted 01:23:14 (9201 turns).

siimphh the Carver (Human Berserker)                Turns: 9201, Time: 01:23:14

Health: -1/94      AC: 18    Str: 20    XL:     12   Next: 1%
Magic:  12/12      EV: 11    Int:  8    God:    Trog [****..]
Gold:   535        SH:  5    Dex: 17    Spells: 0 memorised, 11 levels left

rFire  + + .     SeeInvis .     f - +4 short sword (elec)
rCold  + . .     Gourm    .     i - +5 chain mail {rF+}
rNeg   . . .     Faith    .     (no shield)
rPois  .         Spirit   .     (no helmet)
rElec  .         Reflect  +     y - +0 cloak
rCorr  .         Harm     .     o - +0 pair of gloves
MR     .....     Clarity  +     (no boots)
Stlth  ..........               b - +5 amulet of reflection
                                x - ring of Ufitz {EV+1 Slay+3}
                                H - ring of protection from fire

@: no status effects
A: agile 1, clarity, cold resistance 1
a: Berserk, Trog's Hand, Brothers in Arms, Burn Spellbooks, Renounce Religion


You were on level 1 of the Spider Nest.
You worshipped Trog.
Trog was greatly pleased with you.
You were not hungry.

You visited 4 branches of the dungeon, and saw 12 of its levels.
You also visited: Ossuary.

You collected 535 gold pieces.

Inventory:

Hand Weapons
 a - a +0 falchion
 f - a +4 short sword of electrocution (weapon)
 k - the +6 great sword of Usaud {venom, +Rage rN+ Int-3}
   (You found it on level 5 of the Dungeon)

   It poisons the flesh of those it strikes.
   It affects your intelligence (-3).
   It protects you from negative energy.
   It lets you go berserk.
 r - a -1 mace
 s - a +4 quarterstaff of chaos
 t - a +0 giant spiked club
Armour
 d - a +2 scale mail of cold resistance
 i - a +5 chain mail of fire resistance (worn)
 o - a +0 pair of gloves (worn)
 y - a +0 cloak (worn)
Jewellery
 b - a +5 amulet of reflection (around neck)
 c - a +2 ring of dexterity
 j - an uncursed ring of fire
 x - the ring of Ufitz (right hand) {EV+1 Slay+3}
   (You found it on level 4 of the Dungeon)

   [ring of evasion]

   It affects your evasion (+1).
   It affects your accuracy and damage with ranged weapons and melee attacks
   (+3).
 H - a ring of protection from fire (left hand)
Wands
 e - a wand of acid (4/15)
 v - a wand of disintegration (7/24)
 K - a wand of iceblast (5/15)
Scrolls
 g - 3 scrolls of teleportation
 p - 4 scrolls of remove curse
 u - 10 scrolls of identify
 z - a scroll of fear
 G - a scroll of magic mapping
Potions
 h - a potion of curing
 m - 3 potions of ambrosia
 w - a potion of haste {unknown}
 A - 2 potions of heal wounds
 C - a potion of flight
 D - a potion of brilliance {unknown}
 E - a potion of degeneration
Comestibles
 l - 5 beef jerkies
 n - 18 fruits
 q - 5 meat rations
 F - a royal jelly


   Skills:
 + Level 8.4 Fighting
 + Level 4.7(9.4) Short Blades
 + Level 12.3(12.6) Long Blades
 + Level 2.4 Maces & Flails
 + Level 8.7 Armour
 + Level 4.2 Dodging
 + Level 2.5 Stealth


You had 11 spell levels left.
You didn't know any spells.

Dungeon Overview and Level Annotations

Branches:
Dungeon (8/15)             Temple (1/1) D:4            Lair (2/6) D:8
 Spider (1/4) Lair:2
  Swamp: Lair:2-4    Shoals: Lair:2-4

Altars:
Ashenzari
Cheibriados
Dithmenos
Elyvilon
Fedhas
Gozag
Hepliaklqana
Kikubaaqudgha
Makhleb
Nemelex Xobeh
Okawaru
Qazlal
Ru
Sif Muna
Trog
Uskayaw
Vehumet
Xom
Yredelemnul
Zin
The Shining One

Shops:
D:8 !


Innate Abilities, Weirdness & Mutations

You are agile. (Dex +2)
You possess an exceptional clarity of mind.
Your flesh is cold resistant. (rC+)


Message History

The rock wall explodes into countless fragments.
Found a potion of lignification.
An orb spider comes into view.
The orb spider begins to weave its threads into a brightly glowing ball.
The orb spider pulsates with a strange energy.
Found a scroll of enchant weapon.
Found a scroll of noise.
You hit the orb spider.
The orb spider is lightly wounded.
The orb spider weaves a glowing orb of energy.
The wavering orb of destruction weakly hits you!
* * * LOW HITPOINT WARNING * * *
You are too injured to fight recklessly!
You are too injured to fight recklessly!
The orb spider spins a strand of pure energy.
The orb spider weaves a glowing orb of energy.
An orb of destruction comes into view.
The orb spider pulsates with a strange energy.
The orb of destruction hits you!
You die...

#.............
###.s.........
##.#.§........?. #
#..#.§..........
#.#..#..#.§s.........
.#..#..#^§..........
##...#..#§...........
#...#..#.§...........
..#...#.@......#.#..
##...#...?........##
#....#......##.>.#.#
#..##.......# ......
##................. ####
#..................
.....#<.≈..............#
##....≈..^............
#.^................


You could see 2 orb spiders.

Vanquished Creatures
  The ghost of Philosophy the Cruncher, a novice FoFi of Okawaru (D:7)
  2 orb spiders (Spider:1)
  An ugly thing (D:8)
  A wolf spider (Spider:1)
  The ghost of asdu the Geomancer, a novice OpEE of Ashenzari (D:6)
  An elephant (D:8)
  A spiny frog (Lair:1)
  A rime drake (Lair:1)
  3 komodo dragons
  6 jumping spiders
  Grinder (D:6)
  5 hippogriffs
  Sigmund (D:3)
  A redback (Lair:2)
  A wraith (Ossuary)
  4 yaks (Lair:2)
  A porcupine (Lair:2)
  2 water moccasins (Lair:2)
  An orc warrior (D:6)
  An ice beast (D:6)
  A sky beast (D:6)
  4 phantoms
  3 ogres
  4 centaurs
  5 crocodiles
  6 bullfrogs
  A water moccasin skeleton (D:7)
  2 scorpions
  3 howler monkeys
  3 crimson imps
  A bullfrog zombie (D:7)
  A jelly (D:7)
  4 hounds
  An orc priest (D:6)
  Crazy Yiuf (D:2)
  Ijyb (D:2)
  Terence (D:2)
  4 worker ants
  An iguana (D:6)
  A hound skeleton (D:6)
  4 mummies
  A howler monkey skeleton (D:5)
  2 worker ant zombies (D:7)
  10 adders
  2 oozes
  An adder zombie (D:7)
  2 adder skeletons
  3 worms
  3 dart slugs
  3 leopard geckos
  5 orcs
  8 giant cockroaches
  A gnoll zombie (Ossuary)
  3 goblins
  6 hobgoblins
  6 jackals
  A quokka (D:2)
  5 bats
  6 frilled lizards
  4 goblin zombies (Ossuary)
  A hobgoblin zombie (Ossuary)
  A jackal zombie (D:6)
  4 kobolds
  2 kobold zombies (Ossuary)
  3 leopard gecko skeletons
  2 quokka skeletons
  A quokka zombie (D:6)
  12 rats
  3 fungi (D:2)
  A plant (Lair:2)
190 creatures vanquished.

Notes
Turn   | Place    | Note
-------+----------+-------------------------------------------
     0 | D:1      | siimphh the Human Berserker began the quest for the Orb.
     0 | D:1      | Reached XP level 1. HP: 18/18 MP: 1/1
   133 | D:1      | Reached XP level 2. HP: 24/24 MP: 2/2
   667 | D:1      | You fall through a shaft!
   668 | D:2      | Noticed Ijyb
   671 | D:2      | Found a faded altar of an unknown god.
   703 | D:2      | Killed Ijyb
   703 | D:2      | Reached XP level 3. HP: 12/30 MP: 3/3
   764 | D:2      | Reached XP level 4. HP: 7/37 MP: 4/4
  1141 | D:2      | Found a runed door.
  1145 | D:2      | Noticed Crazy Yiuf
  1150 | D:2      | Killed Crazy Yiuf
  1150 | D:2      | Reached skill level 4 in Long Blades
  1267 | D:2      | Reached XP level 5. HP: 42/42 MP: 5/5
  1276 | D:2      | Reached ** piety under Trog
  1682 | D:2      | Found a bloodstained altar of Trog.
  2189 | D:2      | Gained mutation: Your flesh is cold resistant. (rC+) [potion of mutation]
  2189 | D:2      | Gained mutation: You possess an exceptional clarity of mind. [potion of mutation]
  2189 | D:2      | Gained mutation: You are agile. (Dex +2) [potion of mutation]
  2288 | D:3      | Noticed Terence
  2365 | D:2      | Killed Terence
  2609 | D:3      | Noticed Sigmund
  2617 | D:3      | Killed Sigmund
  2617 | D:3      | Reached skill level 1 in Maces & Flails
  2617 | D:3      | Reached XP level 6. HP: 48/48 MP: 6/6
  3066 | D:4      | Reached XP level 7. HP: 50/54 MP: 7/7
  3172 | D:4      | Got a fine iron ring
  3196 | D:4      | Reached *** piety under Trog
  3196 | D:4      | Reached skill level 1 in Short Blades
  3425 | D:4      | Found a staircase to the Ecumenical Temple.
  3450 | D:4      | Reached skill level 1 in Stealth
  3543 | Temple   | Entered the Ecumenical Temple
  3798 | D:5      | Entered Level 5 of the Dungeon
  4047 | D:5      | Got a faintly glowing great sword
  4048 | D:5      | Identified the +6 great sword of Usaud {venom, +Rage rN+ Int-3} (You found it on level 5 of the Dungeon)
  4121 | D:5      | Reached XP level 8. HP: 55/61 MP: 8/8
  4272 | D:6      | Noticed Grinder
  4281 | D:6      | Killed Grinder
  4281 | D:6      | Reached skill level 5 in Fighting
  4281 | D:6      | Reached skill level 5 in Long Blades
  4281 | D:6      | Reached skill level 5 in Armour
  4340 | D:6      | Noticed asdu's ghost (novice OpEE)
  4349 | D:6      | Killed asdu's ghost
  4349 | D:6      | Reached XP level 9. HP: 48/68 MP: 9/9
  4484 | D:6      | Reached skill level 6 in Long Blades
  4523 | D:6      | Reached skill level 7 in Long Blades
  4743 | D:6      | Reached **** piety under Trog
  4975 | D:6      | Reached skill level 8 in Long Blades
  5239 | D:7      | Found a sand-covered staircase.
  5246 | Ossuary  | Entered an ossuary
  5368 | Ossuary  | Reached XP level 10. HP: 68/76 MP: 10/10
  6047 | D:7      | Noticed Philosophy's ghost (novice FoFi)
  6069 | D:7      | Killed Philosophy's ghost
  6069 | D:7      | Reached skill level 9 in Long Blades
  6484 | D:8      | Found Deasureh's Distillery.
  6518 | D:8      | Found a staircase to the Lair.
  6518 | D:8      | Noticed an elephant
  6521 | D:8      | Noticed a red ugly thing
  6530 | D:8      | Killed an elephant
  6542 | D:8      | Killed a red ugly thing
  6542 | D:8      | Reached skill level 10 in Long Blades
  6786 | D:8      | Identified the ring of Ufitz {EV+1 Slay+3} (You found it on level 4 of the Dungeon)
  6795 | Lair:1   | Entered Level 1 of the Lair of Beasts
  6927 | Lair:1   | Noticed a komodo dragon
  6933 | Lair:1   | Killed a komodo dragon
  7205 | Lair:1   | Reached XP level 11. HP: 84/84 MP: 11/11
  7300 | Lair:1   | Reached skill level 11 in Long Blades
  7723 | Lair:2   | Reached ***** piety under Trog
  7936 | Lair:2   | Found a hole to the Spider Nest.
  8276 | Spider:1 | Entered Level 1 of the Spider Nest
  8276 | Spider:1 | Noticed a wolf spider
  8276 | Spider:1 | Noticed an orb spider
  8276 | Spider:1 | Noticed an orb spider
  8282 | Spider:1 | Killed a wolf spider
  8370 | Lair:2   | Reached skill level 12 in Long Blades
  9159 | Spider:1 | Noticed an orb spider
  9165 | Spider:1 | Killed an orb spider
  9183 | Spider:1 | Killed an orb spider
  9183 | Spider:1 | Reached XP level 12. HP: 34/94 MP: 12/12
  9201 | Spider:1 | Blown up by an orb spider

Skill      XL: |  1  2  3  4  5  6  7  8  9 10 11 |
---------------+----------------------------------+-----
Long Blades    | 4 5 8 10 12 | 12.3
Fighting       | 4 5 6 7 8 |  8.4
Maces & Flails | 1 2 |  2.4
Armour         | 3 4 5 6 7 8 |  8.7
Short Blades   | 2 4 |  4.7
Stealth        | 1 2 |  2.5
Dodging        | 3 4 |  4.2

Action                   |  1- 3 |  4- 6 |  7- 9 | 10-12 || total
-------------------------+-------+-------+-------+-------++-------
Melee: Falchion          |    89 |    91 |       |       ||   180
       Mace              |       |    81 |       |       ||    81
       Short sword       |       |    33 |   101 |     8 ||   142
       Great sword       |       |       |   128 |   185 ||   313
Invok: Berserk           |       |     2 |     1 |       ||     3
       Burn Spellbooks   |       |       |       |     1 ||     1
  Use: Potion            |       |     6 |     4 |     7 ||    17
       Scroll            |       |    11 |     5 |     1 ||    17
  Eat: Bread ration      |       |     1 |     1 |     2 ||     4
       Chunk             |       |     2 |     5 |     1 ||     8
       Meat ration       |       |     1 |       |       ||     1
Armor: Scale mail        |     6 |    62 |       |       ||    68
       Plate armour      |    56 |       |       |       ||    56
       Chain mail        |       |    19 |   101 |   121 ||   241
Dodge: Dodged            |    42 |   118 |   102 |    97 ||   359
Block: Other             |       |    12 |    44 |    43 ||    99
       Reflection        |       |       |     2 |     1 ||     3
       Rpst.: Falchion   |    11 |     8 |       |       ||    19
       Great sword       |       |       |    21 |    25 ||    46
